[Event "Ajuinentornooi Aalst 2022"]
[Site "?"]
[Date "2022.04.20"]
[Round "2"]
[White "Willockx, Ritsaart"]
[Black "Dgebuadze, Alexandre"]
[Result "0-1"]
[ECO "B76"]
[WhiteElo "1937"]
[BlackElo "2465"]
[PlyCount "80"]
[EventDate "2022.??.??"]
[TimeControl "240+2"]

{600MB, Fritz10.ctg} 1. e4 c5 2. Nf3 Nc6 3. d4 cxd4 4. Nxd4 Nf6 5. Nc3 d6 6. f3
g6 7. Be3 Bg7 8. Qd2 O-O 9. O-O-O Be6 10. Kb1 Ne5 11. Nxe6 fxe6 12. Be2 a6 13.
g4 Rc8 14. h4 b5 15. g5 Nh5 16. f4 Nc4 17. Bxc4 Rxc4 18. Ne2 Rxe4 19. Rdg1 Qa8
20. Rh2 Qd5 21. Qc1 Rc4 22. Ng3 Nxg3 23. Rxg3 e5 24. f5 Rxf5 25. h5 e4 26. hxg6
hxg6 27. Rgh3 Rf3 28. Rh7 Qf5 29. Rh1 Rc8 30. Qe1 Rf8 31. Qh4 Rf1+ 32. Bc1 Rxh1
33. Qxh1 d5 34. a3 Qe5 35. Rh3 d4 36. Rh4 e3 37. Qc6 Qd6 38. Qe4 Rf5 39. b3 Qe5
40. Qd3 e2 0-1

[Event "Ajuinentornooi Aalst 2022"]
[Site "?"]
[Date "2022.04.20"]
[Round "2"]
[White "Roos, Adrian"]
[Black "Lot, Diederik"]
[Result "1-0"]
[ECO "E01"]
[WhiteElo "2302"]
[BlackElo "1974"]
[PlyCount "105"]
[EventDate "2022.??.??"]
[TimeControl "240+2"]

{600MB, Fritz10.ctg} 1. d4 d5 2. c4 e6 3. Nc3 c6 4. Nf3 dxc4 5. g3 Bb4 6. Bg2
Nf6 7. O-O Nbd7 8. Qc2 Qa5 9. e4 Bxc3 10. bxc3 b5 11. Bd2 Nb6 12. e5 Nfd5 13.
Ng5 Qa4 14. Qb1 Qa3 15. Ne4 O-O 16. Ng5 g6 17. Qe4 h6 18. Nh3 Kg7 19. Rfc1 Bd7
20. Nf4 Qe7 21. h4 a5 22. Bf1 Rfc8 23. Be2 Rab8 24. Bd1 Rh8 25. Bc2 Be8 26. a3
Nxf4 27. Qxf4 Nd5 28. Qg4 c5 29. Be4 cxd4 30. cxd4 Qc7 31. Qf3 Bc6 32. Kh2 Ra8
33. a4 Qd7 34. axb5 Bxb5 35. Rxa5 Rxa5 36. Bxa5 f5 37. exf6+ Nxf6 38. d5 exd5
39. Bc3 Rf8 40. Bxd5 Qf5 41. Qxf5 gxf5 42. Bxc4 Bxc4 43. Bxf6+ Rxf6 44. Rxc4
Kg6 45. Kg2 Rb6 46. Kf3 Kh5 47. Kf4 Rb2 48. f3 Rg2 49. Rc5 Kg6 50. Rc6+ Kh5 51.
Rf6 Rb2 52. Rxf5+ Kg6 53. g4 1-0

[Event "Ajuinentornooi Aalst 2022"]
[Site "?"]
[Date "2022.04.20"]
[Round "2"]
[White "Mannaert, Erwin"]
[Black "Maddens, Martijn"]
[Result "1-0"]
[ECO "D00"]
[WhiteElo "1896"]
[BlackElo "2166"]
[PlyCount "85"]
[EventDate "2022.??.??"]
[TimeControl "240+2"]

{600MB, Fritz10.ctg} 1. d4 d5 2. Nc3 Nf6 3. Bf4 a6 4. e3 e6 5. g4 Bb4 6. a3
Bxc3+ 7. bxc3 c5 8. f3 Nc6 9. h4 Qa5 10. Kf2 Qxc3 11. Ne2 Qa5 12. c3 Bd7 13.
Bd6 cxd4 14. cxd4 Ne7 15. Bb4 Qd8 16. Nf4 O-O 17. g5 Ne8 18. Bd3 a5 19. Bxe7
Qxe7 20. Qb1 f5 21. Rc1 Nd6 22. Qa2 Rfc8 23. a4 Rxc1 24. Rxc1 Rc8 25. Rxc8+
Nxc8 26. Qc2 Qd6 27. Bb5 Kf7 28. Bxd7 Qxd7 29. Nd3 Qd8 30. Ne5+ Kg8 31. Qc5 h6
32. f4 hxg5 33. hxg5 Nd6 34. Qc1 Qc8 35. Qb2 Ne4+ 36. Kf3 Qe8 37. g6 Qxa4 38.
Qc1 Qe8 39. Qh1 Kf8 40. Qh8+ Ke7 41. Qxg7+ Kd8 42. Qxb7 Qf8 43. Qd7# 1-0

[Event "Ajuinentornooi Aalst 2022"]
[Site "?"]
[Date "2022.04.20"]
[Round "2"]
[White "Goormachtigh, Johan"]
[Black "Roels, Frederik"]
[Result "1-0"]
[ECO "D37"]
[WhiteElo "2148"]
[BlackElo "1916"]
[PlyCount "55"]
[EventDate "2022.??.??"]
[TimeControl "240+2"]

{600MB, Fritz10.ctg} 1. d4 d5 2. Nf3 Nf6 3. c4 e6 4. Nc3 Be7 5. Bf4 O-O 6. e3
c5 7. dxc5 Bxc5 8. Qc2 Nc6 9. a3 Re8 10. O-O-O e5 11. Bg5 d4 12. Nd5 Bg4 13.
Bd3 Be7 14. Bxf6 Bxf6 15. Bxh7+ Kh8 16. Bf5 Bxf3 17. gxf3 Ne7 18. Nxf6 gxf6 19.
Rhg1 Rg8 20. Qe4 Rg5 21. Rxg5 fxg5 22. Qxe5+ Kg8 23. Rxd4 Qf8 24. Qf6 Nxf5 25.
Qxf5 Qh6 26. h4 gxh4 27. Qg4+ Kf8 28. Qxh4 1-0

[Event "Ajuinentornooi Aalst 2022"]
[Site "?"]
[Date "2022.04.20"]
[Round "2"]
[White "Roelandt, Andreas"]
[Black "Van De Perre, Tom"]
[Result "0-1"]
[ECO "A52"]
[WhiteElo "1873"]
[BlackElo "2072"]
[PlyCount "100"]
[EventDate "2022.??.??"]
[TimeControl "240+2"]

{600MB, Fritz10.ctg} 1. d4 Nf6 2. c4 e5 3. dxe5 Ng4 4. e4 Nxe5 5. f4 Ng6 6. Nc3
Bb4 7. Nge2 Qh4+ 8. g3 Qg4 9. Qd3 Na6 10. a3 Nc5 11. Qc2 Qf3 12. axb4 Nd3+ 13.
Kd2 Nxb4 14. Qa4 Qd3+ 15. Ke1 Nc2+ 16. Kf2 Nxa1 17. Qxa1 Qxc4 18. Be3 O-O 19.
Nd4 Qb4 20. Nd5 Qd6 21. Nf5 Qe6 22. b3 f6 23. Nxc7 Qxe4 24. Bc4+ Kh8 25. Nxa8
Qxf5 26. Qxa7 Qc2+ 27. Be2 d6 28. Rc1 Qb2 29. Qd4 Qa2 30. Nb6 Bh3 31. Qd3 Re8
32. Nd5 Qa5 33. Bd2 Qa7+ 34. Be3 Qa5 35. b4 Qa2 36. Qc4 Qa3 37. Qc3 Qa2 38. Qd2
Qa4 39. Bd4 Rf8 40. Bd3 Ne5 41. Bxe5 fxe5 42. Kg1 Qa7+ 43. Qf2 Qa3 44. Rd1 Qb3
45. Bc2 Qc4 46. Qd2 Qa2 47. Be4 Qa7+ 48. Kh1 g5 49. fxe5 Rf2 50. Qd4 Qxd4 0-1

[Event "Ajuinentornooi Aalst 2022"]
[Site "?"]
[Date "2022.04.20"]
[Round "2"]
[White "Goossens, Xavier"]
[Black "Poelman, Geoffrey"]
[Result "0-1"]
[ECO "C66"]
[WhiteElo "2052"]
[BlackElo "1887"]
[PlyCount "86"]
[EventDate "2022.??.??"]
[TimeControl "240+2"]

{600MB, Fritz10.ctg} 1. e4 e5 2. Nf3 Nc6 3. Bb5 Nf6 4. O-O Be7 5. Nc3 d6 6. d4
exd4 7. Nxd4 Bd7 8. Bxc6 bxc6 9. Qf3 O-O 10. b3 Re8 11. Bb2 a5 12. a4 Rb8 13.
h3 Bf8 14. Rad1 c5 15. Ndb5 c4 16. Rfe1 cxb3 17. cxb3 c6 18. Nxd6 Bxd6 19. Rxd6
Rxb3 20. Ba1 Qc7 21. Qd1 Rb4 22. Na2 Rbxe4 23. Rxe4 Rxe4 24. Bxf6 gxf6 25. Rxd7
Qe5 26. Kf1 Qh2 27. f3 Qh1+ 28. Kf2 Qxd1 29. Rxd1 Rxa4 30. Nc3 Rc4 31. Rd3 a4
32. Ke2 a3 33. Kd2 Rb4 34. Kc1 Rb3 35. Rd8+ Kg7 36. Na2 Kg6 37. Rd2 Kf5 38. Rc2
Rb2 39. g3 Rb3 40. Rc5+ Kg6 41. Rc3 Rb2 42. Rxa3 Rg2 43. f4 h5 {
wit verliest op tijd} 0-1

[Event "Ajuinentornooi Aalst 2022"]
[Site "?"]
[Date "2022.04.20"]
[Round "2"]
[White "Van Wijnendaele, Jovanni"]
[Black "Spaens, Kjell"]
[Result "1/2-1/2"]
[ECO "A40"]
[WhiteElo "1696"]
[BlackElo "2008"]
[PlyCount "56"]
[EventDate "2022.??.??"]
[TimeControl "240+2"]

{600MB, Fritz10.ctg} 1. d4 e6 2. Bf4 b6 3. e4 Bb7 4. Bd3 Nf6 5. Qe2 c5 6. d5
exd5 7. exd5+ Qe7 8. c4 d6 9. Nc3 a6 10. h3 b5 11. b3 b4 12. Ne4 Nxe4 13. Qxe4
Nd7 14. Nf3 Qxe4+ 15. Bxe4 Nf6 16. Bf5 g6 17. Bd3 h6 18. O-O Kd7 19. a3 Bg7 20.
Ra2 a5 21. Re1 Rhe8 22. Rxe8 Nxe8 23. a4 Nf6 24. Re2 Ba6 25. Ne1 Nh5 26. Bd2
Be5 27. Bxh6 Nf4 28. Re3 Rh8 1/2-1/2

[Event "Ajuinentornooi Aalst 2022"]
[Site "?"]
[Date "2022.04.20"]
[Round "2"]
[White "De Blende, Nando"]
[Black "Van Zeebroeck, Sam"]
[Result "1/2-1/2"]
[ECO "B00"]
[WhiteElo "2004"]
[BlackElo "1750"]
[PlyCount "138"]
[EventDate "2022.??.??"]
[TimeControl "240+2"]

{600MB, Fritz10.ctg} 1. e4 b6 2. d4 Bb7 3. Nc3 e6 4. Bd3 Bb4 5. Nf3 Nf6 6. Qe2
d5 7. e5 Ne4 8. Bd2 Nxd2 9. Nxd2 Qg5 10. Nf3 Qe7 11. h4 Nd7 12. Kf1 Bxc3 13.
bxc3 c5 14. c4 dxc4 15. Be4 Bd5 16. Ng5 cxd4 17. Re1 Nc5 18. Rh3 Nxe4 19. Nxe4
Bxe4 20. Qxe4 O-O 21. Qxd4 Rfd8 22. Qxc4 Rac8 23. Qa4 Qc7 24. Rd3 Rxd3 25. cxd3
h6 26. Qa3 Qc2 27. Qxa7 Qxd3+ 28. Kg1 Qd2 29. Rf1 Qd4 30. Qb7 Rc2 31. Qa8+ Kh7
32. Qf3 Qxe5 33. Qxf7 Rxa2 34. h5 Qf5 35. Qxf5+ exf5 36. Rb1 Ra6 37. Rb5 g6 38.
Kh2 Kg7 39. Kg3 Kf6 40. hxg6 Kxg6 41. Kf4 Ra4+ 42. Ke3 Re4+ 43. Kf3 Re6 44. Kf4
Rc6 45. Ke5 Kg5 46. Kd5 Rf6 47. Rb4 f4 48. Ke5 Rf5+ 49. Ke4 b5 50. Kf3 Rc5 51.
Rd4 h5 52. Rb4 h4 53. Rd4 Rc3+ 54. Ke2 Kg4 55. Rd8 Rc2+ 56. Ke1 Rc5 57. Rb8 h3
58. Rg8+ Rg5 59. gxh3+ Kh4 60. Rf8 Re5+ 61. Kd2 Kxh3 62. Rxf4 Kg2 63. Rf8 b4
64. f4 Rb5 65. Kc2 Kf3 66. Kb3 Ke4 67. Kc4 Rf5 68. Rxf5 Kxf5 69. Kxb4 Kxf4
1/2-1/2

[Event "Ajuinentornooi Aalst 2022"]
[Site "?"]
[Date "2022.04.20"]
[Round "2"]
[White "Lanckriet, Chris"]
[Black "De Smet, Frans"]
[Result "1-0"]
[ECO "B10"]
[WhiteElo "1986"]
[BlackElo "1699"]
[PlyCount "79"]
[EventDate "2022.??.??"]
[TimeControl "240+2"]

{600MB, Fritz10.ctg} 1. e4 c6 2. Nf3 d5 3. exd5 cxd5 4. Ne5 Nf6 5. Bb5+ Nbd7 6.
d4 a6 7. Bd3 e6 8. O-O Bd6 9. Re1 O-O 10. Nd2 Qc7 11. Ndf3 b6 12. c3 Bb7 13.
Bf4 Rfe8 14. Ng5 Re7 15. h4 g6 16. g4 Ne4 17. Nxe4 dxe4 18. Bxe4 Bxe4 19. Rxe4
Nf6 20. Re1 Nd5 21. Bh2 f6 22. Nf3 Bxh2+ 23. Nxh2 b5 24. Qd2 Kg7 25. Nf3 h6 26.
Qd3 Nb6 27. Rac1 Rc8 28. b3 Nd5 29. c4 Nf4 30. Qe3 Qb8 31. Nd2 g5 32. h5 bxc4
33. Rxc4 Rxc4 34. Nxc4 Rd7 35. Rd1 Qb7 36. f3 e5 37. Kf2 Qa7 38. dxe5 Qxe3+ 39.
Nxe3 Rxd1 40. exf6+ 1-0

[Event "Ajuinentornooi Aalst 2022"]
[Site "?"]
[Date "2022.04.20"]
[Round "2"]
[White "Lefevre, Lucien"]
[Black "Boodts, Jeroen"]
[Result "0-1"]
[ECO "E34"]
[WhiteElo "1507"]
[BlackElo "1868"]
[PlyCount "69"]
[EventDate "2022.??.??"]
[TimeControl "240+2"]

{600MB, Fritz10.ctg} 1. d4 Nf6 2. c4 e6 3. Nc3 Bb4 4. Qc2 O-O 5. Nf3 d5 6. e3
b6 7. cxd5 exd5 8. Be2 Re8 9. O-O a6 10. Re1 Bd6 11. h3 Bb7 12. Bd3 Ne4 13. Nd2
Qh4 14. Nf3 Qf6 15. Bd2 Nd7 16. Rac1 g5 17. Rf1 h5 18. Be2 Qh6 19. Be1 g4 20.
Nh2 Ndf6 21. f4 Bc8 22. h4 Bf5 23. Qb3 Nxc3 24. Rxc3 Qf8 25. Rc1 Qe7 26. Bd2
Qe6 27. Bd3 Bxd3 28. Qxd3 Ne4 29. Rfe1 Qe7 30. Re2 Qxh4 31. Be1 Qe7 32. g3 Qe6
33. Nf1 Qf5 34. Qc2 Qe6 35. Bd2 0-1

[Event "Ajuinentornooi Aalst 2022"]
[Site "?"]
[Date "2022.04.20"]
[Round "2"]
[White "De Reymaeker, Walter"]
[Black "Heyvaert, Johan"]
[Result "1-0"]
[ECO "A36"]
[WhiteElo "1835"]
[BlackElo "1465"]
[PlyCount "37"]
[EventDate "2022.??.??"]
[TimeControl "240+2"]

{600MB, Fritz10.ctg} 1. c4 c5 2. g3 Nf6 3. Bg2 Nc6 4. Nc3 g6 5. a3 Bg7 6. Rb1
O-O 7. b4 cxb4 8. axb4 a6 9. d4 d6 10. Nf3 Nd7 11. O-O Rb8 12. b5 axb5 13. Nxb5
Ra8 14. Bd2 Nb6 15. Qc2 d5 16. cxd5 Nxd5 17. e4 Nc7 18. Nxc7 Qxc7 19. d5 1-0

[Event "Ajuinentornooi Aalst 2022"]
[Site "?"]
[Date "2022.04.20"]
[Round "2"]
[White "Lauwers, Rudi"]
[Black "Vanhee, Freddy"]
[Result "0-1"]
[ECO "B06"]
[WhiteElo "1440"]
[BlackElo "1813"]
[PlyCount "34"]
[EventDate "2022.??.??"]
[TimeControl "240+2"]

{600MB, Fritz10.ctg} 1. e4 g6 2. d4 Bg7 3. Nf3 c6 4. Bc4 d5 5. exd5 cxd5 6.
Bb5+ Nc6 7. O-O Nf6 8. Bf4 O-O 9. c3 Qb6 10. Qe2 Bg4 11. Nbd2 Nh5 12. Bg3 Nxg3
13. fxg3 e5 14. Bxc6 bxc6 15. Qf2 e4 16. Ne5 Bxe5 17. dxe5 e3 0-1

[Event "Ajuinentornooi Aalst 2022"]
[Site "?"]
[Date "2022.04.20"]
[Round "2"]
[White "Smekens, Ann"]
[Black "Londers, Jan"]
[Result "0-1"]
[ECO "B50"]
[WhiteElo "1160"]
[BlackElo "1762"]
[PlyCount "88"]
[EventDate "2022.??.??"]
[TimeControl "240+2"]

{600MB, Fritz10.ctg} 1. e4 c5 2. c3 Nf6 3. d3 d6 4. Nf3 g6 5. Bg5 Bg7 6. Be2
Nc6 7. O-O O-O 8. h3 c4 9. Nbd2 cxd3 10. Bxd3 Bd7 11. Re1 a6 12. Qc1 Rc8 13.
Bc2 b5 14. e5 Nxe5 15. Nxe5 dxe5 16. Rxe5 Be6 17. Re3 Nd5 18. Rd3 Qc7 19. Ne4
b4 20. Bh6 bxc3 21. Bxg7 Kxg7 22. bxc3 Qe5 23. Ng5 Bf5 24. Nf3 Qd6 25. Rd4 Nxc3
26. Rxd6 Ne2+ 27. Kf1 Nxc1 28. Bxf5 exd6 29. Bxc8 Rxc8 30. Nd4 Rc4 31. Ne2 Nxe2
32. Kxe2 Rc2+ 33. Kf1 Kf6 34. g3 Ke5 35. a4 d5 36. Ke1 Kd6 37. Rb1 d4 38. Rb6+
Rc6 39. a5 Kc5 40. Ke2 Rxb6 41. axb6 Kxb6 42. Kd3 Kc5 43. f3 a5 44. Kd2 Kc4 0-1

[Event "Ajuinentornooi Aalst 2022"]
[Site "?"]
[Date "2022.04.20"]
[Round "2"]
[White "Doossche, Carlo"]
[Black "Van Heghe, Isabelle"]
[Result "1-0"]
[ECO "A30"]
[WhiteElo "1594"]
[BlackElo "1159"]
[PlyCount "51"]
[EventDate "2022.??.??"]
[TimeControl "240+2"]

{600MB, Fritz10.ctg} 1. c4 c5 2. g3 e5 3. Bg2 Ne7 4. Nc3 d6 5. e3 Nd7 6. Nf3
Ng6 7. O-O Be7 8. d4 O-O 9. dxc5 dxc5 10. e4 Nb6 11. b3 Be6 12. Be3 a5 13. Qc2
Qe8 14. Nb5 Qc8 15. Rad1 f5 16. Bh3 Ra6 17. Bg5 Na8 18. Bxe7 Nxe7 19. Nd6 Qc6
20. Nxe5 Qc7 21. exf5 Rxd6 22. fxe6 Rxd1 23. Rxd1 Qxe5 24. Rd7 Qe1+ 25. Kg2 Ng6
26. Rxb7 1-0

[Event "Ajuinentornooi Aalst 2022"]
[Site "?"]
[Date "2022.04.20"]
[Round "2"]
[White "Ruysseveldt, Sam"]
[Black "Dhooge, Achiel"]
[Result "0-1"]
[ECO "A12"]
[WhiteElo "1119"]
[BlackElo "1591"]
[PlyCount "72"]
[EventDate "2022.??.??"]
[TimeControl "240+2"]

{600MB, Fritz10.ctg} 1. Nf3 Nf6 2. b3 g6 3. Bb2 Bg7 4. e3 d5 5. c4 c6 6. d3 O-O
7. Be2 Re8 8. O-O Nbd7 9. d4 Qc7 10. Nc3 Nb6 11. Ne5 Be6 12. Qc2 Rad8 13. Bd3
Ng4 14. Nf3 Qc8 15. Ne2 Nh6 16. Nf4 Bf5 17. Rac1 Bxd3 18. Qxd3 dxc4 19. bxc4
Qb8 20. Qb3 Nd7 21. Nd3 Ng4 22. h3 Ngf6 23. Nd2 e6 24. Rfe1 Bh6 25. Qd1 Bg7 26.
Qf3 Rf8 27. Ne4 Nxe4 28. Qxe4 Nf6 29. Qf3 Nd7 30. e4 Nb6 31. e5 Na4 32. Ba1 Qc8
33. Qd1 Nb6 34. Nc5 Nd7 35. Ne4 Nxe5 36. Qa4 Nd3 0-1

[Event "Ajuinentornooi Aalst 2022"]
[Site "?"]
[Date "2022.04.20"]
[Round "2"]
[White "Durieux, Frank"]
[Black "Ponnet, Guy"]
[Result "1/2-1/2"]
[ECO "D02"]
[WhiteElo "1368"]
[BlackElo "1606"]
[PlyCount "46"]
[EventDate "2022.??.??"]
[TimeControl "240+2"]

{600MB, Fritz10.ctg} 1. d4 Nf6 2. Bf4 e6 3. e3 d5 4. Nf3 Nc6 5. c3 g6 6. Be2
Bg7 7. Nbd2 O-O 8. h3 Re8 9. O-O Nd7 10. Re1 e5 11. dxe5 Ndxe5 12. Bb5 Bd7 13.
Nxe5 Nxe5 14. Bxd7 Qxd7 15. Nf3 Rad8 16. Nxe5 Bxe5 17. Bxe5 Rxe5 18. Qd4 Ree8
19. Qxa7 Ra8 20. Qd4 Re4 21. Qd2 Rea4 22. b3 Ra3 23. c4 c6 1/2-1/2

[Event "Ajuinentornooi Aalst 2022"]
[Site "?"]
[Date "2022.04.20"]
[Round "2"]
[White "De Wolf, Bernard"]
[Black "Van Der Voorde, Sonja"]
[Result "1-0"]
[ECO "D53"]
[WhiteElo "1593"]
[BlackElo "1327"]
[PlyCount "131"]
[EventDate "2022.??.??"]
[TimeControl "240+2"]

{600MB, Fritz10.ctg} 1. d4 Nf6 2. c4 e6 3. Nf3 d5 4. Nc3 c6 5. c5 Nbd7 6. Bg5
Be7 7. e3 h6 8. Bh4 b6 9. b4 bxc5 10. bxc5 Ne4 11. Bxe7 Qxe7 12. Qc2 Ndf6 13.
Bd3 Nxc3 14. Qxc3 O-O 15. O-O a5 16. Ne5 Qc7 17. Rfb1 Ba6 18. Rb6 Bxd3 19. Rxc6
Qb7 20. Rb6 Qa7 21. Qxd3 Nd7 22. Nxd7 Qxd7 23. Rab1 Qa4 24. Qb3 Qe8 25. h3 a4
26. Qb5 Qe7 27. Rb4 a3 28. Ra4 e5 29. Rxa8 Rxa8 30. Rb8+ Rxb8 31. Qxb8+ Kh7 32.
Qxe5 Qb7 33. Kh2 f6 34. Qd6 Qb2 35. Qxd5 Qxf2 36. Qb3 Qb2 37. Qe6 Qb8+ 38. Qd6
Qb2 39. Qd5 Qb8+ 40. Kg1 Qb1+ 41. Kf2 Qc2+ 42. Kf3 Qd1+ 43. Kg3 Qe1+ 44. Kf4
Qf2+ 45. Qf3 Qxa2 46. Qe4+ Kg8 47. c6 Qf2+ 48. Qf3 Qxf3+ 49. gxf3 a2 50. c7
a1=Q 51. c8=Q+ Kh7 52. Qf5+ Kg8 53. d5 Qb2 54. Qe6+ Kh7 55. d6 Qh2+ 56. Ke4
Qc2+ 57. Kd4 Qb2+ 58. Kc5 Qc3+ 59. Kb6 Qb4+ 60. Kc7 Qa5+ 61. Kd7 Qb5+ 62. Ke7
Qb7+ 63. d7 Qb4+ 64. Kf7 Qb7 65. Qe4+ Qxe4 66. fxe4 1-0

[Event "Ajuinentornooi Aalst 2022"]
[Site "?"]
[Date "2022.04.20"]
[Round "2"]
[White "Cotman, Dirk"]
[Black "Lesaffer, Michel"]
[Result "0-1"]
[ECO "A00"]
[WhiteElo "1288"]
[BlackElo "1570"]
[PlyCount "156"]
[EventDate "2022.??.??"]
[TimeControl "240+2"]

{600MB, Fritz10.ctg} 1. b4 d5 2. Bb2 e6 3. e3 c6 4. Nf3 f5 5. c4 Nf6 6. c5 Be7
7. Be2 b6 8. Qc2 bxc5 9. bxc5 O-O 10. O-O Ba6 11. Nc3 Bxe2 12. Nxe2 Na6 13. d4
Nb4 14. Qa4 a5 15. Nf4 Qc8 16. Ng5 Ne4 17. Nfxe6 Nxg5 18. Nxf8 Kxf8 19. Bc3 Nd3
20. Qc2 Nb4 21. Qb1 Rb8 22. Qd1 Ne4 23. Be1 Qd8 24. a3 Na6 25. Qh5 Nf6 26. Qxf5
a4 27. Qc2 Rb3 28. Qe2 Qa8 29. f3 Nc7 30. Bb4 Na6 31. Be1 Rb8 32. e4 Kg8 33.
Bh4 Re8 34. Rab1 Nc7 35. Qe3 Nb5 36. e5 Nd7 37. Bxe7 Rxe7 38. f4 Nf6 39. Qd3
Ne4 40. f5 Qa5 41. f6 gxf6 42. exf6 Rf7 43. Rf4 Rxf6 44. Rxf6 Nxf6 45. Qg3+ Kf7
46. Qf4 Qc3 47. Rf1 Qxd4+ 48. Qxd4 Nxd4 49. Kh1 Ke6 50. Rb1 Ne4 51. Rb4 Ne2 52.
g3 Nxc5 53. Rb8 Ne4 54. Kg2 N2c3 55. Rh8 Nf6 56. Rc8 Kd7 57. Rf8 Nce4 58. Ra8
Nc3 59. Rf8 Ke6 60. Rc8 Kd6 61. Rf8 Nd7 62. Rf7 h6 63. Rh7 Nb5 64. Rxh6+ Kc5
65. Rh4 d4 66. Kf2 Nxa3 67. Ke2 Kc4 68. Kd2 Ne5 69. Rf4 Nb5 70. Kc2 a3 71. h4
a2 72. Kb2 Nc3 73. Rf1 Nd3+ 74. Ka1 Nb4 75. Rc1 Kb3 76. h5 Nc2+ 77. Rxc2 Kxc2
78. h6 d3 0-1

[Event "Ajuinentornooi Aalst 2022"]
[Site "?"]
[Date "2022.04.20"]
[Round "2"]
[White "Cappelle, Gert-Jan"]
[Black "Schatteman, Sven"]
[Result "1-0"]
[ECO "C25"]
[WhiteElo "1569"]
[BlackElo "1272"]
[PlyCount "41"]
[EventDate "2022.??.??"]
[TimeControl "240+2"]

{600MB, Fritz10.ctg} 1. e4 Nc6 2. Nc3 e5 3. f4 Bb4 4. Nf3 Bxc3 5. bxc3 d6 6.
Bc4 Nf6 7. d3 d5 8. exd5 Nxd5 9. fxe5 Bg4 10. O-O O-O 11. Qe1 Qe7 12. d4 Be6
13. Bd3 h6 14. Qe4 f5 15. exf6 Nxf6 16. Qg6 Qf7 17. Qg3 Kh8 18. Ne5 Qh5 19.
Ng6+ Kg8 20. Nxf8 Rxf8 21. Ba3 1-0

[Event "Ajuinentornooi Aalst 2022"]
[Site "?"]
[Date "2022.04.20"]
[Round "2"]
[White "Cotman, Lothar"]
[Black "Wauters, Johan"]
[Result "0-1"]
[ECO "D02"]
[WhiteElo "1246"]
[BlackElo "1545"]
[PlyCount "110"]
[EventDate "2022.??.??"]
[TimeControl "240+2"]

{600MB, Fritz10.ctg} 1. d4 Nf6 2. Nf3 d5 3. e3 Nc6 4. a3 e6 5. Bd3 Bd6 6. O-O
O-O 7. Nbd2 e5 8. dxe5 Nxe5 9. Nxe5 Bxe5 10. Nf3 Bg4 11. h3 Bxf3 12. Qxf3 Re8
13. Rb1 c6 14. b4 Ne4 15. c4 a6 16. cxd5 cxd5 17. Bxe4 dxe4 18. Qd1 Qe7 19. Bb2
Red8 20. Qe2 Rd3 21. Bxe5 Qxe5 22. Ra1 Rad8 23. Rfd1 Qc3 24. Kh2 h6 25. Rdc1
Qe5+ 26. Kg1 Rd2 27. Qe1 Qh5 28. Kh2 Re2 29. Qf1 Rdd2 30. Rc5 Qh4 31. Rf5 Rxf2
32. Rxf2 Rxf2 33. Qc4 Qe7 34. Rf1 Rxf1 35. Qxf1 Qe5+ 36. Qf4 Qxf4+ 37. exf4 f5
38. g4 g6 39. Kg3 Kf7 40. Kf2 Ke6 41. Ke3 Kd5 42. Kd2 b5 43. Kc3 e3 44. Kd3 e2
45. Kxe2 Ke4 46. Kd2 Kxf4 47. gxf5 gxf5 48. Ke2 Kg3 49. h4 Kxh4 50. Kf3 Kg5 51.
Kg3 h5 52. Kf3 h4 53. Kf2 Kg4 54. Kg2 h3+ 55. Kf2 f4 0-1

[Event "Ajuinentornooi Aalst 2022"]
[Site "?"]
[Date "2022.04.20"]
[Round "2"]
[White "De Meyer, Nicolas"]
[Black "Feys, Jacques"]
[Result "1-0"]
[ECO "C40"]
[WhiteElo "1392"]
[BlackElo "1071"]
[PlyCount "53"]
[EventDate "2022.??.??"]
[TimeControl "240+2"]

{600MB, Fritz10.ctg} 1. e4 e5 2. Nf3 f6 3. Nxe5 fxe5 4. Qh5+ g6 5. Qxe5+ Qe7 6.
Qxh8 Qg7 7. Qxg7 Bxg7 8. Bc4 Nf6 9. d3 d6 10. Nc3 Nc6 11. Nb5 Kd7 12. O-O a6
13. Nc3 Nd4 14. Bb3 b5 15. Be3 Ng4 16. Bxd4 Bxd4 17. h3 Ne5 18. Rab1 c6 19. Ne2
c5 20. c3 Bxf2+ 21. Rxf2 Nxd3 22. Rf7+ Kd8 23. Rxh7 c4 24. Rf1 Bd7 25. Rf8+ Be8
26. Nd4 cxb3 27. Ne6+ 1-0